 Dungeon Crawl Stone Soup version 0.27-a0-1217-g8a41f320e8 (webtiles) character file.

Game seed: 15923795508460214144

3045 Delamore the Slinger (level 10, -2/74 HPs)
             Began as a Formicid Hunter on June 6, 2021.
             Was an Initiate of Okawaru.
             Killed from afar by an electric eel (9 damage)
             ... with a bolt of electricity
             ... on level 10 of the Dungeon.
             The game lasted 00:12:35 (8136 turns).

Delamore the Slinger (Formicid Hunter)              Turns: 8136, Time: 00:12:36

Health: -2/74      AC: 11    Str: 23 (26) XL:     10   Next: 11%
Magic:  10/10      EV: 11    Int: 10 (11) God:    Okawaru [......]
Gold:   134        SH:  0    Dex:  9 (11) Spells: 9/9 levels left

rFire    + . .     SeeInvis +   x - +6 hunting sling (flame)
rCold    + . .     Faith    .   (no shield)
rNeg     . . .     Spirit   .   p - +3 scale mail {rC+}
rPois    .         Reflect  .   (helmet unavailable)
rElec    .         Harm     .   q - +1 cloak
rCorr    .         Rampage  .   (no gloves)
Will     +....                  (no boots)
Stlth    +.........             (no amulet)
HPRegen  0.22/turn              h - +6 ring of strength
MPRegen  0.12/turn              A - ring of protection from fire

@: mighty
A: permanent stasis, dig shafts and tunnels, antennae 3, four strong arms
a: Dig, Shaft Self, Renounce Religion


You were on level 10 of the Dungeon.
You worshipped Okawaru.
Okawaru was noncommittal.
You visited 2 branches of the dungeon, and saw 10 of its levels.

You collected 359 gold pieces.
You spent 225 gold pieces at shops.

Inventory:

Hand Weapons
 x - a +6 hunting sling of flaming (weapon)
 z - a +1 trident of flaming
Missiles
 i - 319 stones
 n - 31 poisoned darts (quivered)
 o - 20 sling bullets (quivered ammo)
 w - 16 boomerangs
Armour
 p - a +3 scale mail of cold resistance (worn)
 q - a +1 cloak (worn)
 y - a +1 ring mail of poison resistance
Jewellery
 h - a +6 ring of strength (left hand)
 A - a ring of protection from fire (right hand)
Wands
 s - a wand of flame (19)
Scrolls
 a - a scroll of enchant armour
 b - 2 scrolls of fog
 j - 5 scrolls of teleportation
 l - 2 scrolls of blinking
 C - 2 scrolls of identify
Potions
 c - 3 potions of berserk rage
 d - 3 potions of magic
 e - a potion of curing
 f - 2 potions of flight {unknown}
 g - 2 potions of resistance
 k - 3 potions of ambrosia
 m - a potion of heal wounds
 r - 2 potions of lignification
 t - a potion of attraction {unknown}
 u - a potion of degeneration
 v - a potion of haste
 B - a potion of might


   Skills:
 - Level 5.0 Fighting
 - Level 11.6(12.0) Slings
 - Level 4.4(8.2) Throwing
 + Level 0.0 Armour
 + Level 5.0 Dodging
 - Level 5.0 Stealth


You had 9 spell levels left.
You didn't know any spells.
Your spell library contained the following spells:

 Spells                   Type           Power      Damage    Failure   Level
 Bolt of Magma            Conj/Fire/Erth 0%         4d4       100%        5
 Iskenderun's Battlesphe  Conj           0%         2d6       100%        5
 Iron Shot                Conj/Erth      0%         9d1       100%        6
 Orb of Destruction       Conj           0%         N/A       100%        7
 Spellforged Servitor     Conj/Summ      0%         N/A       100%        7


Dungeon Overview and Level Annotations

Branches:
Dungeon (8/15)             Temple (1/1) D:7
   Lair: D:8-11

Altars:
Ashenzari
Cheibriados
Elyvilon
Fedhas
Gozag
Hepliaklqana
Kikubaaqudgha
Makhleb
Nemelex Xobeh
Okawaru
Qazlal
Ru
Sif Muna
Trog
Uskayaw
Vehumet
Wu Jian
Xom
Yredelemnul
Zin
The Shining One

Shops:
D:1 (   D:2 (   D:7 *(*(

Annotations:
D:7 exclusion: oklob plant


Innate Abilities, Weirdness & Mutations

You cannot be hasted, slowed, berserked, paralysed or teleported.
You can dig through walls and to a lower floor.
You have a pair of large antennae on your head. (SInv)
Your four strong arms can wield two-handed weapons with a shield.


Message History

You feel sick. The killer bee misses you.
There is an open door here.
Really attack while wielding your +6 hunting sling of flaming?
Okay, then.
Throw: 31 darts (poison)
Press: ? - help, Q - select action, (/) - cycle Shift-Dir - straight line, f - killer bee
Aim: a killer bee (34% to hit)
Okay, then.
Really attack while wielding your +6 hunting sling of flaming?
Okay, then.
Okay, then.
Okay, then.
Okay, then.
Okay, then.
Are you sure you want to shaft yourself?
You feel sick. The killer bee stings you. The killer bee closely misses you.
The killer bee stings you. x2
* * * LOW HITPOINT WARNING * * *
You begin to dig a shaft.
You continue digging a shaft.
You feel sick.
You are no longer poisoned.
The killer bee stings you but does no damage.
The killer bee closely misses you. The killer bee stings you.
* * * LOW HITPOINT WARNING * * *
The killer bee stings you but does no damage.
A shaft appears beneath you!
You fall into a shaft and drop 3 floors!
The shaft crumbles and collapses.
A gnoll and an electric eel come into view.
The gnoll is wielding a +2 spear of venom.
Found a stone staircase leading down.
A gnoll and a gnoll sergeant come into view.
The gnoll sergeant shouts!
The electric eel shoots out a bolt of lightning at you!
The bolt of electricity hits you!
* * * LOW HITPOINT WARNING * * *
There is a stone staircase leading down here.
The electric eel shoots out a bolt of lightning at you!
The bolt of electricity hits you!
You die...

##.. #..#.. #.....
+....# # ..g...
#....###.# ...{..
#......... ......
#........
g....g#+#......
.....g.....#.#.###
#....@.......
#.......#.###
#.....#.#
≈≈≈.....#.#
≈≈≈≈;.##.# #
≈≈≈≈≈≈≈##.#
≈≈≈≈≈≈≈##.#
≈≈≈≈≈≈≈...#
≈≈≈≈≈≈≈≈#


You could see a gnoll sergeant, an electric eel and a gnoll.

Vanquished Creatures
  3 wandering mushrooms (D:7)
  2 steam dragons
  A water moccasin (D:7)
  Duvessa (D:5)
  2 ice beasts
  A black bear (D:6)
  A sky beast (D:6)
  2 ogres
  A necrophage (D:5)
  A kobold brigand (D:8)
  A phantom (D:4)
  A wyvern zombie (D:7)
  3 bullfrogs
  Dowan (D:5)
  2 scorpions
  A wyvern skeleton (D:7)
  3 killer bees (D:8)
  10 wights
  3 electric eels (D:3)
  A bullfrog zombie (D:6)
  A centaur zombie (D:5)
  A bullfrog skeleton (D:5)
  2 centaur skeletons
  A gnoll shaman (D:7)
  A jelly (D:6)
  An iguana (D:6)
  Terence (D:2)
  2 orc wizards
  A killer bee zombie (D:7)
  4 hound skeletons
  A howler monkey skeleton (D:6)
  11 gnolls
  7 adders
  A white imp (D:8)
  A worm (D:3)
  5 dart slugs
  24 orcs
  3 bats
  4 endoplasms
  A giant cockroach (D:4)
  9 goblins
  6 hobgoblins
  10 jackals
  5 quokkas
  5 ball pythons
  7 kobolds
  5 rats
161 creatures vanquished.

Vanquished Creatures (others)
  15 plants
15 creatures vanquished.

Grand Total: 176 creatures vanquished

Notes
Turn   | Place    | Note
-------+----------+-------------------------------------------
     0 | D:1      | Delamore the Formicid Hunter began the quest for the Orb.
     0 | D:1      | Reached XP level 1. HP: 16/16 MP: 1/1
   122 | D:1      | Reached XP level 2. HP: 22/22 MP: 2/2
   139 | D:1      | Reached skill level 1 in Throwing
   194 | D:1      | Found Maseufeck's Antique Weapon Shop.
   320 | D:1      | Reached XP level 3. HP: 27/27 MP: 3/3
   946 | D:2      | Reached skill level 5 in Slings
  1290 | D:2      | Reached XP level 4. HP: 33/33 MP: 4/4
  1582 | D:2      | Found Suol Quo's Antique Weapon Boutique.
  1614 | D:2      | Noticed Terence
  1626 | D:2      | Killed Terence
  1697 | D:2      | Found a blossoming altar of Fedhas.
  1720 | D:2      | Reached XP level 5. HP: 38/38 MP: 5/5
  2197 | D:3      | Found a faded altar of an unknown god.
  2227 | D:3      | Became a worshipper of Fedhas Madash
  2227 | D:3      | Reached * piety under Fedhas
  2294 | D:3      | Found a transporter.
  2309 | D:3      | Found a transporter.
  2355 | D:3      | Reached skill level 6 in Slings
  2584 | D:3      | Reached XP level 6. HP: 31/44 MP: 6/6
  3054 | D:3      | Noticed an ogre
  3068 | D:3      | Killed an ogre
  3108 | D:3      | Reached XP level 7. HP: 50/50 MP: 7/7
  3669 | D:4      | Reached ** piety under Fedhas
  3686 | D:4      | Reached skill level 7 in Slings
  3995 | D:1      | Bought a runed hunting sling for 126 gold pieces
  4047 | D:5      | Entered Level 5 of the Dungeon
  4442 | D:5      | Reached skill level 8 in Slings
  4709 | D:5      | Reached XP level 8. HP: 56/56 MP: 8/8
  4777 | D:5      | Noticed Duvessa
  4784 | D:5      | Killed Duvessa
  4785 | D:5      | Reached skill level 9 in Slings
  4831 | D:5      | Noticed Dowan
  4836 | D:5      | Killed Dowan
  5516 | D:6      | Reached skill level 10 in Slings
  5517 | D:6      | Reached *** piety under Fedhas
  5665 | D:6      | Reached XP level 9. HP: 64/64 MP: 9/9
  6115 | D:6      | You fall into a shaft and drop 2 floors!
  6464 | D:7      | Found Piky's Assorted Antiques.
  6475 | D:7      | Bought a fuming yellow potion for 32 gold pieces
  6475 | D:7      | Bought a scroll labelled YQUSIT ES LIUT for 36 gold pieces
  6495 | D:7      | Reached skill level 5 in Stealth
  6521 | D:7      | Found Numov's Assorted Antiques.
  6566 | D:7      | Bought a fizzy grey potion for 31 gold pieces
  6623 | D:7      | Reached skill level 5 in Fighting
  6776 | D:7      | Found Hommorch's Antique Weapon Boutique.
  6884 | D:7      | Found a staircase to the Ecumenical Temple.
  6921 | Temple   | Entered the Ecumenical Temple
  7191 | Temple   | Fell from the grace of Fedhas
  7191 | Temple   | Became a worshipper of Warmaster Okawaru
  7232 | D:7      | Reached skill level 11 in Slings
  7232 | D:7      | Reached skill level 5 in Dodging
  7232 | D:7      | Reached XP level 10. HP: 65/74 MP: 10/10
  7334 | D:7      | Noticed an oklob plant
  7627 | D:7      | Found Yroff's Weapon Boutique.
  8131 | D:7      | You fall into a shaft and drop 3 floors!
  8131 | D:10     | Entered Level 10 of the Dungeon
  8136 | D:10     | Killed from afar by an electric eel

Illustrated notes

Levels and vault maps discovered:
D:1:      onia_arrival_mini_spirals, layout_basic, serial_shops,
          nicolae_shop_statue_plus, minivault_11, serial_park_tiny_2
D:2:      layout_basic, serial_bayou, serial_bayou_lagoon_a,
          serial_bayou_ford_a, serial_bayou_shore_b, serial_bayou_shore_a,
          serial_shops, shop_statue, basic_altar, minmay_misc_feat_hallway,
          guppyfry_early_orc_mine, uniq_terence
D:3:      gammafunk_steamed_eel, layout_loops_corners,
          shapermc_ecumenical_altar_gd, minmay_misc_feat_chi
D:4:      layout_basic, kennysheep_generic_room_5
D:5:      layout_cave_pools, minmay_curled_crystal, uniq_duvessa
D:6:      layout_loops_ring
D:7:      layout_basic, minmay_temple_entry_hall, serial_shops, shop, shop,
          shop, shop
D:8:      layout_basic, special_room [special_room_orc], uniq_prince_ribbit1
D:10:     minmay_the_grid_square_5x5_3x3 [minmay_the_grid_square_5x5_bite,
          minmay_the_grid_square_5x5_eight_small,
          minmay_the_grid_square_5x5_inverted_slash,
          minmay_the_grid_square_5x5_tri_point,
          minmay_the_grid_square_5x5_megaprize_checkered,
          minmay_the_grid_square_5x5_three_walls, minmay_the_grid_square_5x5_v,
          minmay_the_grid_square_5x5_plus, minmay_the_grid_square_5x5_inner_z],
          layout_basic, nicolae_dithmenos_shadow_blocks
Temple:   nicolae_temple_the_god_donut

Skill      XL: |  1  2  3  4  5  6  7  8  9 |
---------------+----------------------------+-----
Throwing       | 1 2 3 4 |  4.4
Slings         | 5 6 8 10 11 | 11.6
Dodging        | 2 5 |  5.0
Stealth        | 3 5 |  5.0
Fighting       | 3 5 |  5.0

Action                   |  1- 3 |  4- 6 |  7- 9 | 10-12 || total
-------------------------+-------+-------+-------+-------++-------
 Fire: Hunting sling     |    85 |   105 |   276 |    37 ||   503
Throw: Dart              |       |    11 |    23 |       ||    34
       Throwing net      |       |     1 |       |       ||     1
 Abil: Dig               |       |       |       |     3 ||     3
       Shaft Self        |       |       |       |     1 ||     1
Evoke: Wand              |       |     6 |       |       ||     6
  Use: Scroll            |     4 |     2 |    11 |       ||    17
       Potion            |       |       |       |     6 ||     6
Armor: Leather armour    |    10 |     1 |       |       ||    11
       Scale mail        |       |    21 |    18 |    17 ||    56
Dodge: Dodged            |    13 |    18 |    20 |    32 ||    83

Table legend: (Time is in decaauts)
 A = Elapsed time spent in this place.
 B = Non-inter-level travel time spent in this place.
 C = Inter-level travel time spent in this place.
 D = Time resting spent in this place.
 E = Time spent auto-exploring this place.
 F = Levels seen in this place.
 G = Mean time per level.
                   A        B        C        D        E       F      G
               +--------+--------+--------+--------+--------+-----+--------+
         Total |   8067 |   7599 |    468 |    586 |   5966 |  10 |  806.7 |
       Dungeon |   7780 |   7363 |    417 |    586 |   5732 |   9 |  864.4 |
        Temple |    287 |    236 |     51 |      0 |    234 |   1 |  287.0 |
               +--------+--------+--------+--------+--------+-----+--------+

Top non-repeatable levels by time:
     D:3: 1603 daAuts
     D:2: 1200 daAuts
     D:7: 1022 daAuts
     D:1: 920 daAuts
     D:4: 859 daAuts
     D:6: 853 daAuts
     D:5: 663 daAuts
     D:8: 653 daAuts
  Temple: 287 daAuts
    D:10: 4 daAuts
